 Dungeon Crawl Stone Soup version 0.28-a0-728-g0181a31188 (webtiles) character file.

Game seed: 5450121991557312592

4666 DungeonMaster the Fighter (level 10, -4/80 HPs)
             Began as a Demonspawn Wanderer on Oct 28, 2021.
             Was an Initiate of Gozag.
             Slain by a centaur (12 damage)
             ... on level 8 of the Dungeon.
             The game lasted 00:19:59 (8604 turns).

DungeonMaster the Fighter (Demonspawn Wanderer)     Turns: 8604, Time: 00:20:00

Health: -4/80      AC: 10    Str: 19    XL:     10   Next: 20%
Magic:  10/10      EV: 12    Int: 15    God:    Gozag
Gold:   556        SH: 20    Dex: 14    Spells: 9/9 levels left

rFire   + . .      SeeInvis .   a - +5 falchion (elec)
rCold   . . .      Faith    .   j - +0 kite shield
rNeg    . . .      Spirit   .   x - +3 ring mail {rF+}
rPois   .          Reflect  .   (helmet restricted)
rElec   .          Harm     .   H - scarf {repulsion}
rCorr   .          Rampage  .   m - +0 pair of gloves
Will    .....                   (no boots)
Stlth   +.........              (no amulet)
HPRegen 0.23/turn               k - +4 ring of slaying
MPRegen 0.12/turn               p - +6 ring of strength

@: repel missiles
A: horns 1, large bone plates 2, spiny 3, condensation shield
a: Renounce Religion, Potion Petition, Call Merchant, Bribe Branch


You were on level 8 of the Dungeon.
You worshipped Gozag.
Gozag was pleased with you.
You visited 2 branches of the dungeon, and saw 9 of its levels.

You collected 674 gold pieces.
You paid 118 gold pieces to Gozag.

Inventory:

Hand Weapons
 a - a +5 falchion of electrocution (weapon)
 f - a +4 hand axe
 s - a +2 whip of flaming
 w - a +5 hunting sling of chaos
 I - a +0 dagger of speed
Missiles
 b - 146 stones
 e - 61 sling bullets
 g - 28 bolts
 D - 13 poisoned darts
 L - a curare-tipped dart
 M - 6 silver javelins
Armour
 c - a scarf of invisibility
 j - a +0 kite shield (worn)
 m - a +0 pair of gloves (worn)
 u - the +1 pair of gloves "Puotuom" {Rampage rN+++ Dex-3}
   (You found it on level 5 of the Dungeon)

   Dex:       It affects your dexterity (-3).
   rN:        It renders you almost immune to negative energy.
   Rampage:   It bestows one free step when moving towards enemies.
 x - a +3 ring mail of fire resistance (worn)
 H - a scarf of repulsion (worn)
 J - a +0 cloak
 K - the +0 leather armour of Paranoia {Fly rC+ Int+4}
   (You found it on level 8 of the Dungeon)

   Int:       It affects your intelligence (+4).
   rC:        It protects you from cold.
   Fly:       It grants you flight.
 N - the +3 ring mail "Hotuac" {Int+4}
   (You took it off a wight on level 8 of the Dungeon)

   Int:       It affects your intelligence (+4).
Jewellery
 h - a ring of ice
 k - a +4 ring of slaying (left hand)
 n - a ring of protection from fire
 p - a +6 ring of strength (right hand)
 t - a ring of resist corrosion
 A - a ring of poison resistance
Wands
 y - a wand of mindburst (7) (quivered)
 E - a wand of charming (9)
 G - a wand of acid (7)
Scrolls
 d - 3 scrolls of teleportation
 q - 2 scrolls of fear
 B - a scroll of blinking
Potions
 i - 2 potions of might
 l - a potion of ambrosia {unknown}
 o - a potion of haste {unknown}
 r - 5 potions of curing
 v - a potion of brilliance {unknown}
 z - a potion of lignification {unknown}
 C - a potion of berserk rage {unknown}
 F - 2 potions of mutation


   Skills:
 * Level 8.0 Fighting
 - Level 1.0(1.1) Short Blades
 - Level 1.0(1.1) Long Blades
 * Level 5.8 Armour
 * Level 6.4 Dodging
 - Level 1.0 Stealth
 * Level 6.0 Shields
 * Level 6.5 Evocations


You had 9 spell levels left.
You didn't know any spells.
Your spell library was empty.

Dungeon Overview and Level Annotations

Branches:
Dungeon (8/15)             Temple (1/1) D:7
   Lair: D:8-11

Altars:
Ashenzari
Cheibriados
Elyvilon
Gozag
Hepliaklqana
Kikubaaqudgha
Makhleb
Nemelex Xobeh
Okawaru
Sif Muna
Trog
Uskayaw
Vehumet
Wu Jian
Xom
Yredelemnul
Zin
The Shining One

Shops:
D:3 =

Annotations:
D:2 Terence


Innate Abilities, Weirdness & Mutations

You have a pair of small horns on your head.
You are mostly covered in large bone plates. (SH +6)
You are completely covered in sharp spines.
A meltable shield of frost defends you. (SH +4)


Message History

You now have 556 gold pieces (gained 6).
You drop a staff of fire.
Found 13 stones.
You see here a +0 ring mail.
There is a stone staircase leading down here.
A centaur comes into view.
It is wielding the +10 war axe of Teped {speed, *Rage rElec Will+}.
The centaur unwields the +10 war axe of Teped {speed, *Rage rElec Will+}.
The centaur wields a +0 shortbow.
The centaur shoots an arrow.
You block the arrow.
The centaur shoots an arrow.
You block the arrow.
The centaur unwields a +0 shortbow.
The centaur wields the +10 war axe of Teped {speed, *Rage rElec Will+}.
You block the centaur's attack. The centaur closely misses you.
You block the centaur's attack. The centaur closely misses you.
You completely miss the centaur.
The centaur goes berserk!
You block the centaur's attack. The centaur kicks you. The centaur misses you.
You block the centaur's attack.
The centaur hits you with the +10 war axe of Teped {speed, *Rage rElec Will+}!!
You block the centaur's attack.
You hit the centaur but do no damage. You block the centaur's attack. x2
The centaur barely misses you.
The centaur kicks you but does no damage.
You block the centaur's attack.
The centaur kicks you but does no damage.
The centaur is struck by your spines. The centaur completely misses you.
The centaur kicks you but does no damage.
The centaur hits you with the +10 war axe of Teped {speed, *Rage rElec Will+}.
The centaur closely misses you.
You completely miss the centaur. You headbutt the centaur.
The centaur is lightly wounded.
You block the centaur's attack. x2
The centaur hits you with the +10 war axe of Teped {speed, *Rage rElec Will+}!!
You block the centaur's attack. The centaur is struck by your spines.
The centaur hits you with the +10 war axe of Teped {speed, *Rage rElec Will+}!!
* * * LOW HITPOINT WARNING * * *
The centaur kicks you.
* * * LOW HITPOINT WARNING * * *
The centaur is struck by your spines.
The centaur hits you with the +10 war axe of Teped {speed, *Rage rElec Will+}!
You die...
Your body crumbles into a pile of gold.

########### #.........#
#.........# #.........#
### #.........# ####.#
#.........#
#...>###.........#
####........##......#
##.......#...##.@....#
....#....#.###..c....#
.......^...##........#
...............#.....#
.......................
.#........#.#.##.....##.
.#..........#.##.#####
.................##
..#....##......#...


You could see a centaur (berserk).

Vanquished Creatures
  A two-headed ogre (D:8)
  Pikel (D:6)
  Joseph (D:7)
  Maurice (D:8)
  A hornet (D:8)
  Sigmund (D:2)
  A wyvern (D:7)
  A steam dragon (D:8)
  2 water moccasins
  An ice beast (D:6)
  A hornet zombie (D:6)
  4 ogres
  A centaur (D:6)
  A lemure (D:6)
  A kobold brigand (D:8)
  3 bullfrogs
  A wyvern skeleton (D:5)
  2 scorpions
  A water moccasin skeleton (D:7)
  A water moccasin zombie (D:7)
  12 wights
  A bullfrog skeleton (D:5)
  A hound (D:6)
  2 gnoll shamans
  An orc priest (D:3)
  Jessica (D:3)
  An iguana (D:6)
  Ijyb (D:4)
  Natasha (thrice) (D:2)
  A howler monkey zombie (D:8)
  4 adders
  9 gnolls
  A howler monkey skeleton (D:7)
  A shadow imp (D:8)
  An adder skeleton (D:4)
  3 dart slugs
  12 orcs
  5 endoplasms
  A giant cockroach (D:4)
  14 goblins
  6 hobgoblins
  5 jackals
  4 quokkas
  8 ball pythons
  11 bats
  3 frilled lizards
  9 kobolds
  A quokka skeleton (D:3)
  8 rats
157 creatures vanquished.

Notes
Turn   | Place    | Note
-------+----------+-------------------------------------------
     0 | D:1      | DungeonMaster the Demonspawn Wanderer began the quest for
                  | the Orb.
     0 | D:1      | DungeonMaster set off with the following items: a +2
                  | falchion, a +0 spear, a +0 short sword, a +0 robe
     0 | D:1      | Reached XP level 1. HP: 19/19 MP: 1/1
   257 | D:1      | Found a faded altar of an unknown god.
   312 | D:1      | Gained mutation: You are partially covered in sharp spines.
                  | [demonic ancestry]
   312 | D:1      | Reached XP level 2. HP: 15/25 MP: 2/2
  1217 | D:2      | Reached skill level 1 in Evocations
  1267 | D:2      | Noticed Natasha
  1274 | D:2      | Killed Natasha
  1275 | D:2      | Gained mutation: You are mostly covered in sharp spines.
                  | [demonic ancestry]
  1275 | D:2      | Reached XP level 3. HP: 14/31 MP: 3/3
  1656 | D:2      | Noticed Terence
  1765 | D:2      | Noticed Natasha
  1777 | D:2      | Killed Natasha
  1778 | D:2      | Gained mutation: A meltable shield of frost defends you.
                  | (SH +4) [demonic ancestry]
  1778 | D:2      | Reached XP level 4. HP: 38/38 MP: 4/4
  1785 | D:2      | Noticed Natasha
  1798 | D:2      | Killed Natasha
  1799 | D:2      | Reached skill level 1 in Armour
  1901 | D:2      | Noticed Sigmund
  2203 | D:3      | Noticed Jessica
  2205 | D:3      | Killed Jessica
  2206 | D:3      | Reached XP level 5. HP: 43/43 MP: 5/5
  2255 | D:3      | Found Sukh's Jewellery Emporium.
  3171 | D:3      | Reached skill level 5 in Fighting
  3171 | D:3      | Gained mutation: You are completely covered in sharp
                  | spines. [demonic ancestry]
  3171 | D:3      | Reached XP level 6. HP: 50/51 MP: 6/6
  3427 | D:2      | Found a sparkling altar of Nemelex Xobeh.
  3637 | D:2      | Killed Sigmund
  4499 | D:5      | Entered Level 5 of the Dungeon
  4500 | D:5      | Noticed Ijyb
  4621 | D:4      | Killed Ijyb
  4622 | D:4      | Gained mutation: You are partially covered in large bone
                  | plates. (SH +4) [demonic ancestry]
  4622 | D:4      | Reached XP level 7. HP: 48/56 MP: 7/7
  4900 | D:5      | Identified the +1 pair of gloves "Puotuom" {Rampage rN+++
                  | Dex-3}
  5665 | D:6      | Reached skill level 6 in Fighting
  5665 | D:6      | Reached XP level 8. HP: 64/64 MP: 8/8
  6471 | D:6      | Noticed Pikel
  6479 | D:6      | Killed Pikel
  6480 | D:6      | Reached skill level 5 in Dodging
  6914 | D:7      | Noticed Joseph
  6919 | D:7      | Killed Joseph
  6920 | D:7      | Reached skill level 5 in Evocations
  6920 | D:7      | Gained mutation: You have a pair of small horns on your
                  | head. [demonic ancestry]
  6920 | D:7      | Reached XP level 9. HP: 54/71 MP: 9/9
  7153 | D:7      | Reached skill level 7 in Fighting
  7198 | D:7      | Reached skill level 5 in Shields
  7199 | D:7      | Found a staircase to the Ecumenical Temple.
  7218 | Temple   | Entered the Ecumenical Temple
  7288 | Temple   | Became a worshipper of Gozag Ym Sagoz the Greedy
  7507 | D:7      | Reached skill level 5 in Armour
  7968 | D:8      | Noticed Maurice
  8194 | D:8      | Killed Maurice
  8247 | D:8      | Gained mutation: You are mostly covered in large bone
                  | plates. (SH +6) [demonic ancestry]
  8247 | D:8      | Reached XP level 10. HP: 63/80 MP: 10/10
  8359 | D:8      | Identified the +0 leather armour of Paranoia {Fly rC+
                  | Int+4}
  8434 | D:8      | Noticed a two-headed ogre
  8442 | D:8      | Killed a two-headed ogre
  8442 | D:8      | Identified the +3 ring mail "Hotuac" {Int+4}
  8443 | D:8      | Reached skill level 8 in Fighting
  8599 | D:8      | Identified the +10 war axe of Teped {speed, *Rage rElec
                  | Will+}
  8604 | D:8      | Slain by a centaur

Illustrated notes

Levels and vault maps discovered:
D:1:      dpeg_arrival_simpleton_a, layout_loops_ring,
          hellmonk_ecumenical_altar_lost_god
D:2:      layout_loops_corners, basic_altar, minivault_19, uniq_sigmund,
          uniq_robin, uniq_terence, uniq_natasha
D:3:      layout_loops_ring, serial_shops, nicolae_shop_behind_doors,
          kennysheep_generic_room_14, uniq_jessica
D:4:      layout_basic
D:5:      layout_gridville, uniq_ijyb
D:6:      layout_layer_cave, lightli_orcish_oven, uniq_pikel
D:7:      layout_basic, minmay_temple_entry_gardened_gates, uniq_joseph
D:8:      layout_rooms, lemuel_crystal_altar, uniq_maurice
Temple:   compressed_dpeg_triangle_lava_temple

Skill      XL: |  1  2  3  4  5  6  7  8  9 10 |
---------------+-------------------------------+-----
Dodging        | 2 3 4 5 6 |  6.4
Evocations     | 1 2 3 5 6 |  6.5
Armour         | 1 2 3 4 5 |  5.8
Shields        | 2 3 4 5 6 |  6.0
Fighting       | 5 6 7 8 |  8.0
Short Blades   | |  1.0
Long Blades    | |  1.0
Stealth        | |  1.0

Action                   |  1- 3 |  4- 6 |  7- 9 | 10-12 || total
-------------------------+-------+-------+-------+-------++-------
Melee: Falchion          |    76 |    99 |   133 |    17 ||   325
       Unarmed           |       |    24 |       |       ||    24
       Headbutt          |       |       |    18 |     3 ||    21
 Fire: Hunting sling     |       |       |       |     4 ||     4
Throw: Stone             |       |       |     4 |       ||     4
Evoke: Wand              |       |       |     9 |       ||     9
  Use: Scroll            |     3 |     7 |     8 |       ||    18
       Potion            |       |     1 |       |       ||     1
 Stab: Sleeping          |     1 |       |       |       ||     1
Armor: Robe              |    11 |       |       |       ||    11
       Ring mail         |    10 |     3 |     5 |     6 ||    24
       Chain mail        |       |    25 |    17 |       ||    42
       Skin              |       |     3 |       |       ||     3
Dodge: Dodged            |    43 |    24 |    38 |    10 ||   115
       Repelled          |       |       |     1 |       ||     1
Block: Kite shield       |    13 |    63 |   114 |    25 ||   215
       Other             |       |     4 |       |       ||     4

Table legend: (Time is in decaauts)
 A = Elapsed time spent in this place.
 B = Non-inter-level travel time spent in this place.
 C = Inter-level travel time spent in this place.
 D = Time resting spent in this place.
 E = Time spent auto-exploring this place.
 F = Levels seen in this place.
 G = Mean time per level.
                   A        B        C        D        E       F      G
               +--------+--------+--------+--------+--------+-----+--------+
         Total |   8752 |   8437 |    315 |   1677 |   5077 |   9 |  972.4 |
       Dungeon |   8665 |   8366 |    299 |   1677 |   5037 |   8 | 1083.1 |
        Temple |     86 |     70 |     16 |      0 |     40 |   1 |   86.0 |
               +--------+--------+--------+--------+--------+-----+--------+

Top non-repeatable levels by time:
     D:4: 1402 daAuts
     D:6: 1346 daAuts
     D:2: 1273 daAuts
     D:1: 1140 daAuts
     D:7: 1104 daAuts
     D:3: 939 daAuts
     D:5: 908 daAuts
     D:8: 551 daAuts
  Temple: 86 daAuts
